Unix NetHack Version 5.0.0-0 post-release - last build May 17 2026 04:57:42 (dc50c8380fa5e20985bfe3072449f57b8d9895ef,branch:main).

Game began 2026-05-21 15:23:46, ended 2026-05-21 15:28:32.

Brudee, neutral male human Tourist

                                       ---        ----                 ---
                                     ---.--       |..|               ---.----
   ----               -----          |....|       |..|          ---  |....|.|
  --..----       ------...------------...-----------.--        --.----......--
  |...<..---------...............................--|..----------.......|.....|
 --....@f..........--------....-------...----.--..--......|.|.........-----..|
 |........----------      --..|.........-- |.......................----   ----
 |..........--..|          -----........|  --....................---
 --.............---           |........--  --.........---........|
  |>..............|         ---.......--   |..........--.........------
  --..............--       --........--    |.................|....--..| ----
   |...............|       |....--.---     --...............-|........| |..---
   |.....---..--...|       --..-----        |...............--.......-- |....|
  --....-| |..|-----        |..|            ----.....................| --....|
  |......| ----             --.|               --.......--.--........---.....|
 --.....--                   ---                --.....--------..---.........--
 |......--                                       |.....----   |..| ---........|
--.......|                                       ---......--- ----   |.....|.--
|....---.|                                         --.--....|        ---.-----
--..-- ---                                          -------.|          ---
 ----                                                     ---
Brudee the Rambler          St:14 Dx:9 Co:12 In:15 Wi:8 Ch:17  Neutral S:314
Dlvl:4  $:118 HP:0(12) Pw:8(8) AC:10 Xp:2/35 T:392 

Latest messages:
 You see here a jackal corpse.
 a - 2 +2 darts (at the ready) (36 in total).
 Sparky eats a jackal corpse.
 You swap places with Sparky.
 You swap places with Sparky.
 You find a hidden passage.
 Ouch!  You bump into a door.
 This door is locked.
 Unlock it with your credit card? [ynq] (q) q
 In what direction? <space>
 In what direction? h
 This door is locked.
 Unlock it with your credit card? [ynq] (q) q
 In what direction? h
 This door is locked.
 Unlock it with your credit card? [ynq] (q) q
 In what direction? h
 This door is locked.
 Unlock it with your credit card? [ynq] (q) y
 You succeed in picking the lock.
 The door opens.
 You see here a food ration.
 You learn more about your items by comparing them.
 f - an uncursed food ration (7 in total).
 You don't find anything here to loot.
 You swap places with Sparky.
 You swap places with Sparky.
 You descend the stairs.
 Sparky bites it.
 Sparky bites it.
 What do you want to read? [ij or ?*] ?
 As you read the scroll, it disappears.
 A map coalesces in your mind!
 Sparky misses it.
 You swap places with Sparky.
 Sparky misses the dwarf.
 The dwarf swings his pick-axe.
 The dwarf hits!
 In what direction? l
 You kill the dwarf!
 a - a +2 dart (at the ready) (36 in total).
 You are hit by a crossbow bolt.
 You are hit by a crossbow bolt.
 r - a pair of hard shoes.
 s - a pick-axe.
 You are hit by a crossbow bolt.
 You die...
 Do you want your possessions identified? [ynq] (y) y
 Do you want to see your attributes? [ynq] (y) y
 Do you want an account of creatures vanquished? [ynaq] (y) q

Inventory:
 Coins    ('$')
  $ - 118 gold pieces
 Weapons  (')')
  a - 36 +2 darts (at the ready)
 Armor    ('[')
  r - an uncursed +0 pair of iron shoes
  k - an uncursed +0 Hawaiian shirt with a palm tree motif (being worn)
 Comestibles  ('%')
  g - an uncursed candy bar labeled "Berry Bar"
  q - an uncursed cram ration
  f - 7 uncursed food rations
  c - 3 uncursed lembas wafers
  e - an uncursed orange
  b - an uncursed sprig of wolfsbane
  d - 2 uncursed tripe rations
 Scrolls  ('?')
  i - a blessed scroll of magic mapping
  j - 2 uncursed scrolls of magic mapping
 Potions  ('!')
  h - 2 uncursed potions of extra healing
  o - 4 uncursed potions of water
 Rings    ('=')
  n - a cursed -1 ring of increase damage
 Tools    ('(')
  m - an uncursed credit card
  l - an expensive camera (0:79)
  s - a +0 pick-axe

Brudee the Tourist's attributes:

Background:
 You were a Rambler, a level 2 male human Tourist.
 You were neutral, on a mission for The Lady
 who was opposed by Blind Io (lawful) and Offler (chaotic).
 You were right-handed.
 You were in the Gnomish Mines, on level 4.
 You entered the dungeon 392 turns ago.
 You had 35 experience points, 5 more were needed to attain level 3.
 Your score was 314 before end-of-game adjustments.

Basics:
 You had 0 out of 12 hit points.
 You had all 8 energy points (spell power).
 Your armor class was 10.
 Your wallet contained 118 zorkmids.
 Autopickup was on for '$!=+?/"' plus thrown.

Final Characteristics:
 Your strength was 14 (limit:18/100).
 Your dexterity was 9 (limit:18).
 Your constitution was 12 (limit:18).
 Your intelligence was 15 (limit:18).
 Your wisdom was 8 (limit:18).
 Your charisma was 17 (limit:18).

Final Status:
 You weren't hungry.
 You were unencumbered.
 You were bare handed.
 You were unskilled in bare handed combat.

Final Attributes:
 You were stridently aligned.
 You are dead.

Miscellaneous:
 You encountered 1 bones level.
 Total elapsed playing time was 4 minutes and 45 seconds.

Major events:
 Turn
    1: Brudee the neutral male human Tourist entered the dungeon
  386: entered the Gnomish Mines
  392: killed by a crossbow bolt

You didn't know any spells.

Skills:
 Fighting Skills
   bare handed combat [Unskilled]
   two weapon combat  [Unskilled]
   riding             [Unskilled]
 Weapon Skills
   dagger             [Unskilled]
   knife              [Unskilled]
   axe                [Unskilled]
   pick-axe           [Unskilled]
   short sword        [Unskilled]
   broadsword         [Unskilled]
   long sword         [Unskilled]
   two-handed sword   [Unskilled]
   saber              [Unskilled]
   mace               [Unskilled]
   morning star       [Unskilled]
   flail              [Unskilled]
   hammer             [Unskilled]
   quarterstaff       [Unskilled]
   polearms           [Unskilled]
   spear              [Unskilled]
   trident            [Unskilled]
   lance              [Unskilled]
   bow                [Unskilled]
   sling              [Unskilled]
   crossbow           [Unskilled]
   dart               [Basic]
   shuriken           [Unskilled]
   boomerang          [Unskilled]
   whip               [Unskilled]
   unicorn horn       [Unskilled]
 Spellcasting Skills
   divination spells  [Unskilled]
   enchantment spells [Unskilled]
   escape spells      [Unskilled]

Voluntary challenges:
 Character rerolling was not enabled.
 You were an atheist.
 You never hit with a wielded weapon.
 You never genocided any monsters.
 You never polymorphed an object.
 You never changed form.
 You used no wishes.
Achievement:
 You entered the Gnomish Mines.

 The Dungeons of Doom: levels 1 to 4
    Level 1:
    Level 2:
       A fountain.
    Level 3:
       Some fountains.
       Stairs down to The Gnomish Mines.
    Level 4:
       Final resting place for
          ArrBianca-Pri-Hum-Fem-Law, killed by a poisonous corpse.
 The Gnomish Mines:
    Level 4: <- You were here.
       Final resting place for
          you, killed by a crossbow bolt.


Vanquished creatures:
  a dwarf
  a brown mold
  3 jackals
  2 foxes
  a goblin
  2 grid bugs
  a kobold zombie
  2 newts
13 creatures vanquished.

No species were genocided or became extinct.

Game over:
                       ----------
                      /          \
                     /    REST    \
                    /      IN      \
                   /     PEACE      \
                  /                  \
                  |      Brudee      |
                  |      118 Au      |
                  |   killed by a    |
                  |  crossbow bolt   |
                  |                  |
                  |                  |
                  |       2026       |
                 *|     *  *  *      | *
        _________)/\\_//(\/(/\)/\//\/|_)_______

Aloha Brudee the Tourist...

You died in The Gnomish Mines on dungeon level 4 with 312 points,
and 118 pieces of gold, after 392 moves.
You were level 2 with a maximum of 12 hit points when you died.

